 Dungeon Crawl Stone Soup version 0.27-a0-1140-g099f9bb0e8 (webtiles) character file.

Game seed: 9572840379646950058

1390 Armakuni the Destroyer (level 9, 0/57 HPs)
             Began as a Human Conjurer on May 8, 2021.
             Was an Initiate of Vehumet.
             Slain by an ogre
             ... wielding a +0 giant club
              (27 damage)
             ... on level 6 of the Dungeon.
             The game lasted 00:12:55 (6443 turns).

Armakuni the Destroyer (Human Conjurer)             Turns: 6443, Time: 00:12:56

Health: 0/57       AC:  5    Str:  9    XL:     9   Next: 0%
Magic:  14/19      EV: 11    Int: 17    God:    Vehumet [......]
Gold:   103        SH:  0    Dex: 11    Spells: 16/22 levels left

rFire    . . .     SeeInvis .   d - +3 quarterstaff (chaos)
rCold    . . .     Faith    +   (shield currently unavailable)
rNeg     + . .     Spirit   .   k - +1 leather armour "Maesei Yvvu" {Fly rN+ Regen+ Str-2}
rPois    .         Reflect  .   (no helmet)
rElec    .         Harm     .   g - +0 cloak
rCorr    .         Rampage  .   (no gloves)
Will     .....                  (no boots)
Stlth    ++........             U - amulet of faith
HPRegen  1.19/turn              (no ring)
MPRegen  0.16/turn              (no ring)

@: flying
A: dopey 1
a: Renounce Religion


You were on level 6 of the Dungeon.
You worshipped Vehumet.
Vehumet was noncommittal.
You visited 1 branch of the dungeon, and saw 6 of its levels.

You collected 296 gold pieces.
You spent 193 gold pieces at shops.

Inventory:

Hand Weapons
 d - a +3 quarterstaff of chaos (weapon)
Missiles
 e - 8 curare-tipped darts
 f - 3 atropa-tipped darts
Armour
 g - a +0 cloak (worn)
 k - the +1 leather armour "Maesei Yvvu" (worn) {Fly rN+ Regen+ Str-2}
   (You bought it in a shop on level 5 of the Dungeon)

   It affects your strength (-2).
   It protects you from negative energy.
   It grants you flight.
   It increases your rate of health regeneration.
Jewellery
 U - an amulet of faith (around neck)
Wands
 a - a wand of paralysis (2)
Scrolls
 h - 2 scrolls of identify
 j - a scroll of teleportation


   Skills:
 - Level 2.0 Dodging
 - Level 2.0 Stealth
 + Level 7.0 Spellcasting
 + Level 8.4 Conjurations


You had 16 spell levels left.
You knew the following spells:

 Your Spells              Type           Power      Damage    Failure   Level
m - Iskenderun's Mystic   Conj/Tloc      20%        2d6       28%         4
z - Searing Ray           Conj           68%        3d5       1%          2

Your spell library contained the following spells:

 Spells                   Type           Power      Damage    Failure   Level
 Magic Dart               Conj           100%       1d8       1%          1
 Dazzling Flash           Conj/Hex       40%        N/A       9%          3
 Fulminant Prism          Conj/Hex       10%        3d9       28%         4


Dungeon Overview and Level Annotations

Branches:
Dungeon (6/15)             Temple (0/1) D:5

Altars:
Ashenzari
Dithmenos
Vehumet

Shops:
D:2 *   D:5 [

Annotations:
D:4 Kuinu's ghost, novice KoBr


Innate Abilities, Weirdness & Mutations

You are dopey. (Int -2)


Message History

The searing ray hits the necrophage!
The necrophage is moderately damaged. (Press . to maintain the ray.)
The searing ray hits the necrophage!
The necrophage is severely damaged.
The searing ray hits the necrophage!
You destroy the necrophage!
Vehumet accepts your kill.
Your Spellcasting skill increases to level 7!
You have reached level 9!
Your experience leads to an increase in your attributes!
Your base attributes are Str 10, Int 19, Dex 11.
Increase (S)trength, (I)ntelligence, or (D)exterity?
You feel stronger.
Found 3 silver boomerangs and a golden potion.
You see here a necrophage corpse.
An orc wizard and an ogre come into view.
The orc wizard is wielding a +1 dagger of distortion.
The ogre shouts!
An orc comes into view. It is wielding a +0 hand axe.
An orc wizard comes into view. It is wielding a +0 dagger of venom.
Found a stone staircase leading down.
An orc comes into view. It is wielding a +0 club.
The orc shouts!
You see here a necrophage corpse.
Aiming: Searing Ray (safe; 1% risk of failure)
Press: ? - help, Q - select action, (/) - cycle Shift-Dir - straight line, f - ogre
Aim: an ogre, wielding a +0 giant club (91% to hit)
The searing ray hits the ogre.
The ogre is moderately wounded. (Press . to maintain the ray.)
The searing ray hits the ogre.
The ogre is moderately wounded.
The ogre hits you with a +0 giant club!!
The searing ray hits the ogre!
The ogre is almost dead.
The searing ray misses the ogre.
You finish channeling your searing ray.
The ogre hits you with a +0 giant club!
The ogre hits you with a +0 giant club!!
You die...

...o .. #..#..
..... .###....
#...##.....#
#.........# #.....#
## ####o..###..#
##......##...# ##
#....O........
...#....@........
...........(....# .
............###.#..
.#.........# #...
##.......###..##
#........#......
#..........#
...........##
.........###.#


You could see an ogre and an orc.

Vanquished Creatures
  Sigmund (D:5)
  A sky beast (D:5)
  An ice beast (D:6)
  2 necrophages (D:6)
  A phantom (D:3)
  A scorpion (D:6)
  A water moccasin skeleton (D:5)
  3 hounds
  3 jellies
  Crazy Yiuf (D:2)
  A bullfrog skeleton (D:5)
  Ijyb (D:3)
  3 iguanas
  A scorpion zombie (D:5)
  2 orc wizards
  Terence (D:2)
  A hound skeleton (D:5)
  9 adders
  6 gnolls (D:4)
  3 worms
  An adder skeleton (D:4)
  A dart slug (D:2)
  8 orcs
  6 bats
  7 endoplasms
  3 giant cockroaches
  9 goblins
  4 hobgoblins
  14 jackals
  6 kobolds
  4 quokkas
  5 ball pythons
  3 frilled lizards
  A quokka skeleton (D:4)
  8 rats
123 creatures vanquished.

Vanquished Creatures (others)
  6 plants (D:4)
6 creatures vanquished.

Grand Total: 129 creatures vanquished

Notes
Turn   | Place    | Note
-------+----------+-------------------------------------------
     0 | D:1      | Armakuni the Human Conjurer began the quest for the Orb.
     0 | D:1      | Reached XP level 1. HP: 13/13 MP: 3/3
   174 | D:1      | Reached XP level 2. HP: 19/19 MP: 3/5
   232 | D:1      | Found a faded altar of an unknown god.
   309 | D:1      | Learned a level 2 spell: Searing Ray
   493 | D:1      | Reached XP level 3. HP: 18/24 MP: 0/6
  1243 | D:2      | Found a broken altar of Ashenzari.
  1248 | D:2      | Reached XP level 4. HP: 27/30 MP: 2/8
  1402 | D:2      | Found Wemmemn's General Store.
  1591 | D:2      | Noticed Terence
  1692 | D:2      | Killed Terence
  1693 | D:2      | Reached skill level 5 in Conjurations
  2044 | D:2      | Reached XP level 5. HP: 28/35 MP: 7/10
  2401 | D:2      | Found a runed translucent door.
  2402 | D:2      | Noticed Crazy Yiuf
  2471 | D:2      | Learned a level 4 spell: Iskenderun's Mystic Blast
  2478 | D:2      | Killed Crazy Yiuf
  2682 | D:3      | Noticed Ijyb
  2692 | D:3      | Killed Ijyb
  2993 | D:3      | Reached XP level 6. HP: 35/41 MP: 10/12
  3688 | D:3      | Reached skill level 6 in Conjurations
  3806 | D:4      | Found a shadowy altar of Dithmenos.
  3895 | D:4      | Found a transporter.
  3896 | D:4      | Found a transporter.
  4062 | D:4      | Noticed Kuinu's ghost (novice KoBr)
  4130 | D:4      | Reached XP level 7. HP: 41/46 MP: 7/14
  4433 | D:4      | Found a radiant altar of Vehumet.
  4552 | D:4      | Became a worshipper of Vehumet
  4642 | D:4      | Reached skill level 5 in Spellcasting
  4854 | D:5      | Entered Level 5 of the Dungeon
  4854 | D:5      | Found a staircase to the Ecumenical Temple.
  5187 | D:5      | Reached skill level 7 in Conjurations
  5261 | D:5      | Noticed Sigmund
  5274 | D:5      | Reached XP level 8. HP: 52/52 MP: 11/16
  5283 | D:5      | Killed Sigmund
  6051 | D:5      | Found Wobbual's Armour Boutique.
  6056 | D:5      | Bought the +1 leather armour "Maesei Yvvu" {Fly rN+ Regen+
                  | Str-2} for 193 gold pieces
  6273 | D:5      | Gained mutation: You are dopey. (Int -2) [potion of
                  | mutation]
  6282 | D:6      | Reached skill level 8 in Conjurations
  6392 | D:6      | Reached XP level 9. HP: 57/57 MP: 12/19
  6443 | D:6      | Slain by an ogre

Illustrated notes

Levels and vault maps discovered:
D:1:      lemuel_arrival_rhombus, layout_basic, shapermc_ecumenical_altar_venn
D:2:      layout_loops_cross, basic_altar, serial_shops, shop,
          minmay_split_cup_small, uniq_crazy_yiuf_cottage, uniq_terence
D:3:      layout_basic, minmay_misc_feat_roman, uniq_ijyb
D:4:      layout_rooms, nicolae_dithmenos_through_a_glass_darkly,
          marbit_many_paths, gammafunk_ghost_gnarly_gnolls
D:5:      layout_cave_pools, minmay_temple_entry_overgrown, serial_shops, shop,
          grunt_decor_cap, uniq_sigmund
D:6:      layout_cave_pools, gammafunk_ghost_abyssal_escape, minivault_1

Skill      XL: |  1  2  3  4  5  6  7  8 |
---------------+-------------------------+-----
Spellcasting   | 3 4 5 7 |  7.0
Conjurations   | 5 6 7 8 |  8.4
Dodging        | |  2.0
Stealth        | |  2.0

Action                   |  1- 3 |  4- 6 |  7- 9 || total
-------------------------+-------+-------+-------++-------
Melee: Dagger            |    10 |     3 |       ||    13
       Quarterstaff      |       |    57 |    13 ||    70
 Cast: Magic Dart        |    40 |    35 |       ||    75
       Searing Ray       |     3 |    19 |    35 ||    57
  Use: Scroll            |       |     5 |     3 ||     8
       Potion            |       |     2 |     3 ||     5
 Stab: Sleeping          |       |     5 |       ||     5
Armor: Robe              |     6 |    11 |     7 ||    24
Dodge: Dodged            |     9 |    60 |    27 ||    96

Table legend: (Time is in decaauts)
 A = Elapsed time spent in this place.
 B = Non-inter-level travel time spent in this place.
 C = Inter-level travel time spent in this place.
 D = Time resting spent in this place.
 E = Time spent auto-exploring this place.
 F = Levels seen in this place.
 G = Mean time per level.
                   A        B        C        D        E       F      G
               +--------+--------+--------+--------+--------+-----+--------+
         Total |   6469 |   6283 |    186 |   2319 |   2976 |   6 | 1078.2 |
       Dungeon |   6469 |   6283 |    186 |   2319 |   2976 |   6 | 1078.2 |
               +--------+--------+--------+--------+--------+-----+--------+

Top non-repeatable levels by time:
     D:2: 1541 daAuts
     D:5: 1424 daAuts
     D:1: 1288 daAuts
     D:3: 1050 daAuts
     D:4: 997 daAuts
     D:6: 167 daAuts
